 Dungeon Crawl Stone Soup version 0.31-a0-667-g39726597b9 (webtiles) character file.

Game seed: 5119259497393238539

133 Conn the Sneak (level 5, -1/31 HPs)
             Began as an Octopode Fire Elementalist on Sept 3, 2023.
             Slain by a gnoll bouda
             ... wielding a +0 club
              (5 damage)
             ... on level 3 of the Dungeon.
             The game lasted 00:04:32 (2729 turns).

Conn the Sneak (Octopode Fire Elementalist)         Turns: 2729, Time: 00:04:32

Health: -1/31      AC:  1    Str:  7    XL:     5   Next: 16%
Magic:  1/9        EV: 13    Int: 20    God:
Gold:   183        SH:  0    Dex: 12    Spells: 4/10 levels left

rFire   . . .        i - +1 short sword (elec)
rCold   . . .        (no shield)
rNeg    . . .        (helmet restricted)
rPois   +            (no amulet)
rElec   .            (no ring)
rCorr   .            (no ring)
SInv    .            (no ring)
Will    +....        (no ring)
Stlth   +++          (no ring)
HPRegen 0.25/turn    (no ring)
MPRegen 0.11/turn    (no ring)
                     (no ring)

%: no passive effects
@: mighty, brilliant, weakened
A: almost no armour, amphibious, 8 rings, camouflage 1, gelatinous body 1,
(nimble swimmer 1), tentacles, strong-willed 1, poison resistance, subdued magic
1
a: no special abilities


You were on level 3 of the Dungeon.
You visited 1 branch of the dungeon, and saw 3 of its levels.

You collected 183 gold pieces.

Inventory:

Hand Weapons
 b - a +0 dagger
 i - a +1 short sword of electrocution (weapon)
Scrolls
 e - 3 scrolls of identify {unknown}
 h - 2 scrolls of immolation {unknown}
 j - a scroll of fear {unknown}
 k - 4 scrolls of teleportation {unknown}
Potions
 a - a potion of magic
 d - a potion of mutation


   Skills:
 + Level 2.8 Dodging
 + Level 3.8 Stealth
 * Level 3.0 Spellcasting
 * Level 2.3 Conjurations
 + Level 3.4 Fire Magic


You had 4 spell levels left.
You knew the following spells:

 Your Spells              Type           Power      Damage    Failure   Level
a - Foxfire               Conj/Fire      64%        2x1d7     3%          1
b - Scorch                Fire           38%        2d6       3%          2
c - Inner Flame           Hex/Fire       11%        N/A       17%         3

Your spell library contained the following spells:

 Spells                   Type           Power      Damage    Failure   Level
 Volatile Blastmotes      Fire/Tloc      22%        2d11      17%         3
 Flame Wave               Conj/Fire      16%        2d7       34%         4


Dungeon Overview and Level Annotations

Branches:
Dungeon (3/15)

Altars:
Gozag


Innate Abilities, Weirdness & Mutations

You cannot wear most types of armour.
You are amphibious.
You can wear up to eight rings at the same time.
Your skin changes colour to match your surroundings (Stealth+).
Your rubbery body absorbs attacks. (AC +1, EV +1)
((You are camouflaged when in or above water. (Stealth+)))
You have tentacles for arms and can constrict up to eight enemies at once.
You are strong-willed. (Will+)
Your system is resistant to poisons. (rPois)
Your spells are a little easier to cast, but a little less powerful.


Message History

You feel strong-willed. The gnoll bouda misses you.
Unknown command.
Unknown command.
Casting: Foxfire (safe; 3% risk of failure)
Confirm with . or Enter, or press ? or * to list all spells.
Okay, then.
Unknown command.
It was a potion of might.
You feel very mighty all of a sudden. The gnoll bouda closely misses you.
You puncture the gnoll bouda! You grab the gnoll bouda.
The gnoll bouda is almost dead.
You constrict the gnoll bouda, but do no damage.
The gnoll bouda gazes fiercely through you!
You feel your attacks grow feeble.
The gnoll bouda hits you with a +0 club!
* * * LOW HITPOINT WARNING * * *
Okay, then.
Unknown command.
It was a potion of brilliance.
You feel clever all of a sudden.
You constrict the gnoll bouda, but do no damage.
The gnoll bouda mumbles some strange prayers to its god.
The gnoll bouda is healed somewhat.
Your magical contamination has completely faded away.
Casting: Foxfire (safe; 3% risk of failure)
Confirm with . or Enter, or press ? or * to list all spells.
Okay, then.
Unknown command.
Unknown command.
Okay, then.
Unknown command.
Unknown command.
The air fills with toxic fumes!
As you read the scroll labelled DAXASAA YSAOBY, it crumbles to dust.
It was a scroll of poison.
You constrict the gnoll bouda, but do no damage.
The gnoll bouda hits you with a +0 club.
You die...

##.###........ #.#
######### #§# ##§##
##§§§## #### ##§§§§§##
#... § ##§§§§§§.## #..#
#§§.####§§§§§§§..####...
§§§Sggg@§§§§§§§..'......
#§§§####§§§§§§§..####..<
§ ##§§§§§§.## ##...
##§§§§§## #(... ##§§§##
#.### ##+## #.# # #.#
#.# # #.# #.# # ##.##
#.# #


You could see a gnoll bouda, 2 gnolls and an adder.

Vanquished Creatures
  Terence (D:2)
  2 adders (D:2)
  2 gnolls (D:3)
  An ufetubus (D:3)
  A dart slug (D:3)
  3 ball pythons
  7 endoplasms
  11 giant cockroaches
  7 goblins
  6 hobgoblins
  6 kobolds
  3 quokkas (D:1)
  2 bats (D:1)
  2 frilled lizards
  6 rats
60 creatures vanquished.

Vanquished Creatures (collateral kills)
  A foxfire (D:1)
1 creature vanquished.

Vanquished Creatures (others)
  105 foxfires
105 creatures vanquished.

Grand Total: 166 creatures vanquished

Notes
Turn   | Place    | Note
-------+----------+-------------------------------------------
     0 | D:1      | Conn the Octopode Fire Elementalist began the quest for the
                  | Orb.
     0 | D:1      | Reached XP level 1. HP: 11/11 MP: 3/3
   216 | D:1      | Reached XP level 2. HP: 17/17 MP: 5/5
   266 | D:1      | Learned a level 2 spell: Scorch
   533 | D:1      | Reached XP level 3. HP: 21/21 MP: 2/6
   537 | D:1      | Learned a level 3 spell: Inner Flame
  1318 | D:2      | Reached XP level 4. HP: 27/27 MP: 3/7
  1587 | D:2      | Noticed Terence
  1598 | D:2      | Killed Terence
  2181 | D:3      | Found an opulent altar of Gozag.
  2716 | D:3      | Reached XP level 5. HP: 31/31 MP: 5/9
  2725 | D:3      | Gained mutation: Your spells are a little easier to cast,
                  | but a little less powerful. [potion of mutation]
  2725 | D:3      | Gained mutation: Your system is resistant to poisons.
                  | (rPois) [potion of mutation]
  2725 | D:3      | Gained mutation: You are strong-willed. (Will+) [potion of
                  | mutation]
  2729 | D:3      | Slain by a gnoll bouda

Illustrated notes

Levels and vault maps discovered:
D:1:      minmay_arrival_plants_in_alcoves, layout_basic,
          minmay_worlds_worst_comb
D:2:      layout_loops_corners, serial_bayou_pond_d, uniq_terence
D:3:      layout_loops_corners, grunt_gozag_breadcrumbs, serial_shops, shop,
          hangedman_decor_riveting

Skill      XL: |  1  2  3  4  5 |
---------------+----------------+-----
Stealth        | 3 |  3.8
Conjurations   | 2 |  2.3
Spellcasting   | 3 |  3.0
Dodging        | |  2.8
Fire Magic     | |  3.4

Action                     |  1- 3 |  4- 6 || total
---------------------------+-------+-------++-------
  Melee: Dagger            |    34 |       ||    34
         Constrict         |    10 |     4 ||    14
         Tentacles         |     8 |     3 ||    11
         Punch             |     1 |       ||     1
         Short sword       |     5 |    17 ||    22
   Cast: Foxfire           |    39 |    23 ||    62
         Scorch            |       |     4 ||     4
    Use: Potion            |       |     3 ||     3
         Scroll            |       |     1 ||     1
   Stab: Sleeping          |     7 |     4 ||    11
 Armour: Skin              |     8 |     9 ||    17
  Dodge: Dodged            |    22 |    12 ||    34

Table legend: (Time is in decaauts)
 A = Elapsed time spent in this place.
 B = Non-inter-level travel time spent in this place.
 C = Inter-level travel time spent in this place.
 D = Time resting spent in this place.
 E = Time spent auto-exploring this place.
 F = Levels seen in this place.
 G = Mean time per level.
                   A        B        C        D        E       F      G
               +--------+--------+--------+--------+--------+-----+--------+
         Total |   2727 |   2662 |     65 |      0 |   2204 |   3 |  909.0 |
       Dungeon |   2727 |   2662 |     65 |      0 |   2204 |   3 |  909.0 |
               +--------+--------+--------+--------+--------+-----+--------+

Top non-repeatable levels by time:
     D:1: 1052 daAuts
     D:2: 1048 daAuts
     D:3: 626 daAuts
